 Dungeon Crawl Stone Soup version 0.29-a0-364-g921d912d32 (webtiles) character file.

Game seed: 2966452203794979418

8 Artihs the Skirmisher (level 2, 0/24 HPs)
             Began as a Human Fighter on Apr 30, 2022.
             Slain by a frilled lizard (2 damage)
             ... on level 1 of the Dungeon.
             The game lasted 00:00:33 (65 turns).

Artihs the Skirmisher (Human Fighter)                 Turns: 65, Time: 00:00:33

Health: 0/24       AC:  6    Str: 16    XL:     2   Next: 15%
Magic:  2/2        EV:  8    Int:  8    God:
Gold:   9          SH:  4    Dex: 12    Spells: 1/1 levels left

rFire   . . .      SeeInvis .   a - +0 long sword
rCold   . . .      Faith    .   c - +0 buckler
rNeg    . . .      Spirit   .   b - +0 scale mail
rPois   .          Reflect  .   (no helmet)
rElec   .          Harm     .   (no cloak)
rCorr   .          Rampage  .   (no gloves)
Will    .....                   (no boots)
Stlth   ..........              (no amulet)
HPRegen 0.08/turn               (no ring)
MPRegen 0.08/turn               (no ring)

@: no status effects
A: no striking features
a: no special abilities


You were on level 1 of the Dungeon.
You visited 1 branch of the dungeon, and saw 1 of its levels.

You collected 9 gold pieces.

Inventory:

Hand Weapons
 a - a +0 long sword (weapon)
Armour
 b - a +0 scale mail (worn)
 c - a +0 buckler (worn)
Potions
 d - a potion of might


   Skills:
 + Level 3.1 Fighting
 + Level 2.1 Long Blades
 + Level 3.1 Armour
 + Level 3.1 Shields


You had one spell level left.
You didn't know any spells.
Your spell library was empty.

Dungeon Overview and Level Annotations

Branches:
Dungeon (1/15)

Altars:


Message History

The ball python bites you but does no damage.
The ball python constricts you. The rat closely misses you.
The ball python bites you but does no damage.
You closely miss the ball python.
The ball python is severely wounded.
The ball python bites you but does no damage.
The ball python constricts you. The ball python bites you.
The rat bites you but does no damage. The ball python barely misses you.
The ball python constricts you.
* * * LOW HITPOINT WARNING * * *
The frilled lizard hisses angrily.
You hit the ball python.
You kill the ball python!
You block the ball python's attack. The ball python grabs you.
The ball python constricts you. The rat bites you but does no damage.
The ball python bites you but does no damage.
The ball python constricts you.
* * * LOW HITPOINT WARNING * * *
The rat bites you.
* * * LOW HITPOINT WARNING * * *
You have reached level 2!
You escape the ball python's grasp.
The rat attacks as you move away! The rat bites you.
* * * LOW HITPOINT WARNING * * *
You slash the ball python!
You kill the ball python!
You barely miss the rat. The rat closely misses you.
You barely miss the rat. The rat closely misses you.
The rat bites you but does no damage.
You barely miss the rat. The rat bites you but does no damage.
You barely miss the rat. The rat bites you but does no damage.
You hit the rat but do no damage. The rat bites you but does no damage.
The rat closely misses you.
You hit the rat.
The rat is moderately wounded.
The rat bites you but does no damage.
You slash the rat!
You kill the rat!
You barely miss the frilled lizard. The frilled lizard bites you.
You die...

........# ..
........####...
..............#
..............
.........S...
............ .#
........##.# ##+##.#
........##.#### #.....##
........l@....# #.....)#
........##.##.###......#
..########....##.......#
# ###..##.....#.#
#...#.......#
######.†#..######
#.......#..########
...#####.#..........
#......########


You could see a frilled lizard.

Vanquished Creatures
  3 ball pythons (D:1)
  An endoplasm (D:1)
  2 jackals (D:1)
  A rat (D:1)
7 creatures vanquished.

Notes
Turn   | Place    | Note
-------+----------+-------------------------------------------
     0 | D:1      | Artihs the Human Fighter began the quest for the Orb.
     0 | D:1      | Reached XP level 1. HP: 18/18 MP: 1/1
    56 | D:1      | Reached XP level 2. HP: 2/24 MP: 2/2
    56 | D:1      | HP: 1/24 [rat (1)]
    65 | D:1      | Slain by a frilled lizard

Illustrated notes

Levels and vault maps discovered:
D:1:      dpeg_arrival_arbitrary_b, layout_basic

Action                   || total
-------------------------++-------
Melee: Long sword        ||    24
Armor: Scale mail        ||    26
Dodge: Dodged            ||    15
Block: Buckler           ||     8

Table legend: (Time is in decaauts)
 A = Elapsed time spent in this place.
 B = Non-inter-level travel time spent in this place.
 C = Inter-level travel time spent in this place.
 D = Time resting spent in this place.
 E = Time spent auto-exploring this place.
 F = Levels seen in this place.
 G = Mean time per level.
                   A        B        C        D        E       F      G
               +--------+--------+--------+--------+--------+-----+--------+
         Total |     72 |     72 |      0 |      0 |     33 |   1 |   72.0 |
       Dungeon |     72 |     72 |      0 |      0 |     33 |   1 |   72.0 |
               +--------+--------+--------+--------+--------+-----+--------+

Top non-repeatable levels by time:
     D:1: 72 daAuts
